 Dungeon Crawl Stone Soup version 0.23.2-1-ga50397a (webtiles) character file.

Game seed: 2843894309842409176

48 senseless the Vandal (level 3, 0/18 HPs)
             Began as a Spriggan Hunter on May 18, 2019.
             Succumbed to an adder's poison
             ... on level 2 of the Dungeon.
             The game lasted 00:08:04 (867 turns).

senseless the Vandal (Spriggan Hunter)               Turns: 867, Time: 00:08:04

Health: 0/18       AC:  2    Str:  9    XL:     3   Next: 50%
Magic:  2/4        EV: 18    Int: 12    God:
Gold:   78         SH:  0    Dex: 16    Spells: 2/2 levels left

rFire    . . .     SeeInvis +   a - +1 hunting sling
rCold    . . .     Gourm    .   (shield restricted)
rNeg     + . .     Faith    .   c - +0 robe
rPois    .         Spirit   +   (helmet restricted)
rElec    .         Reflect  .   (no cloak)
rCorr    .         Harm     .   (gloves unavailable)
MR       .....                  (boots unavailable)
Stlth    ++........             n - amulet of guardian spirit
HPRegen  0.06/turn              g - ring of positive energy
MPRegen  0.09/turn              (no ring)

@: lethally poisoned (0 -> -10), very quick
A: very small, unfitting armour, see invisible, herbivore, speed 3, slow
metabolism 2
a: no special abilities


You were on level 2 of the Dungeon.
You were not hungry.

You visited 1 branch of the dungeon, and saw 2 of its levels.

You collected 78 gold pieces.

Inventory:

Hand Weapons
 a - a +1 hunting sling (weapon)
 b - a +0 short sword
 i - a +0 dagger
 j - a cursed +0 hand axe
Missiles
 d - 26 sling bullets (quivered)
 e - 6 stones
 h - 3 tomahawks
 k - 29 poisoned needles
Armour
 c - a +0 robe (worn)
Jewellery
 g - a ring of positive energy (left hand)
 n - an amulet of guardian spirit (around neck)
Scrolls
 l - a scroll of identify {unknown}
 m - 2 scrolls of teleportation {unknown}
 p - 3 scrolls of remove curse {unknown}
 r - 2 scrolls of magic mapping {unknown}
 s - a scroll of amnesia {unknown}
Potions
 o - a potion of heal wounds {unknown}
 q - a potion of ambrosia {unknown}
Comestibles
 f - 2 rations


   Skills:
 + Level 1.7 Fighting
 + Level 6.2 Slings
 + Level 3.2 Dodging
 + Level 1.6 Stealth


You had 2 spell levels left.
You didn't know any spells.
Your spell library was empty.

Dungeon Overview and Level Annotations

Branches:
Dungeon (2/15)

Altars:


Innate Abilities, Weirdness & Mutations

You are very small and have problems with some larger weapons.
You are too small for most types of armour.
You have supernaturally acute eyesight. (SInv)
You are a herbivore.
You cover ground extremely quickly.
You need to consume almost no food.


Message History

The bat moves out of view.
Firing (i - inventory. (/) - cycle)
d - 29 sling bullets (quivered)
Press: ? - help, Shift-Dir - straight line, f/p - adder
Aim: an adder (severely wounded)
You shoot a sling bullet. The sling bullet hits the adder.
The adder is almost dead.
The adder misses you. The adder barely misses you.
Firing (i - inventory. (/) - cycle)
d - 28 sling bullets (quivered)
Press: ? - help, Shift-Dir - straight line, f/p - adder
Aim: an adder (almost dead)
You shoot a sling bullet.
The sling bullet closely misses the adder.
* * * LOW HITPOINT WARNING * * *
You feel sick. The adder closely misses you. The adder misses you.
Firing (i - inventory. (/) - cycle)
d - 27 sling bullets (quivered)
Press: ? - help, Shift-Dir - straight line, f/p - adder
Aim: an adder (almost dead)
You shoot a sling bullet.
The sling bullet closely misses the adder.
You die...

♣. . ##### .♣
##>#.. ( ....# (#
#.#.####(#.#
#.#...SS...#
#...).@#
#.#....#...
##.#......#
#...#####.# #...#
.# #...# # #...#
#
.#####...#####.##
..........<.(..(#


You could see 2 adders.

Vanquished Creatures
  A dart slug (D:1)
  2 leopard geckos (D:1)
  A giant cockroach (D:1)
  5 goblins
  5 hobgoblins
  8 jackals
  3 ball pythons (D:1)
  6 bats (D:1)
  A frilled lizard (D:1)
  5 kobolds
  A rat (D:1)
38 creatures vanquished.

Notes
Turn   | Place    | Note
-------+----------+-------------------------------------------
     0 | D:1      | senseless the Spriggan Hunter began the quest for the Orb.
     0 | D:1      | Reached XP level 1. HP: 10/10 MP: 2/2
    33 | D:1      | Reached skill level 5 in Slings
    90 | D:1      | Reached XP level 2. HP: 14/14 MP: 3/3
   533 | D:1      | Reached XP level 3. HP: 14/18 MP: 4/4
   563 | D:1      | Reached skill level 6 in Slings
   867 | D:2      | Succumbed to an adder's poison

Skill      XL: |  1  2  3 |
---------------+----------+-----
Slings         | 5 6 |  6.2
Fighting       | |  1.7
Dodging        | |  3.2
Stealth        | |  1.6

Action                   || total
-------------------------++-------
 Fire: Hunting sling     ||   110
Armor: Robe              ||     6
Dodge: Dodged            ||    52
